 Dungeon Crawl Stone Soup version 0.27.1 (webtiles) character file.

Game seed: 6540824826715267007

14939 ZARRMARR the Grappler (level 11, -2/104 HPs)
             Began as a Troll Monk on Aug 24, 2021.
             Slain by Fannar (4 damage)
             ... on level 1 of the Lair of Beasts.
             The game lasted 01:02:15 (10745 turns).

ZARRMARR the Grappler (Troll Monk)                 Turns: 10745, Time: 01:02:16

Health: -2/104     AC: 10    Str: 21    XL:     11   Next: 95%
Magic:  10/10      EV: 12    Int:  6    God:
Gold:   500        SH:  0    Dex: 15    Spells: 10/10 levels left

rFire    . . .     SeeInvis .   h - +5 giant spiked club
rCold    . . .     Faith    .   (shield currently unavailable)
rNeg     + . .     Spirit   .   K - +4 troll leather armour
rPois    .         Reflect  .   H - +0 hat
rElec    .         Harm     .   (no cloak)
rCorr    +         Rampage  .   (gloves unavailable)
Will     .....                  (boots unavailable)
Stlth    +.........             (no amulet)
HPRegen  2.27/turn              j - ring of resist corrosion
MPRegen  0.12/turn              v - ring of positive energy

@: no status effects
A: large, unfitting armour, claws 3, regeneration 1, shaggy fur 1, tough skin 1
a: no special abilities


You were on level 1 of the Lair of Beasts.
You visited 3 branches of the dungeon, and saw 13 of its levels.
You also visited: Ossuary.

You collected 605 gold pieces.
You spent 105 gold pieces at shops.

Inventory:

Hand Weapons
 h - a +5 giant spiked club (weapon)
 r - the +6 great mace of Baacrempiph {vorpal, rPois rC- Int+6}
   (You took it off an ogre on level 4 of the Dungeon)

   It inflicts extra damage upon your enemies.
   Int:       It affects your intelligence (+6).
   rC:        It makes you vulnerable to cold.
   rPois:     It protects you from poison.
 B - the +6 scimitar "Ylul" {vamp, rElec rN+ Int+4 SInv}
   (You found it on level 7 of the Dungeon)

   It occasionally heals its wielder for a portion of the damage dealt when it
   wounds a living foe.
   Int:       It affects your intelligence (+4).
   rElec:     It insulates you from electricity.
   rN:        It protects you from negative energy.
   SInv:      It lets you see invisible.
Missiles
 b - 447 stones
 f - 16 boomerangs
 o - 20 poisoned darts (quivered)
 J - 6 large rocks
 L - a throwing net
Armour
 n - +0 acid dragon scales
 H - a +0 hat (worn)
 K - a +4 troll leather armour (worn)
Jewellery
 c - a ring of poison resistance
 j - a ring of resist corrosion (left claw)
 v - a ring of positive energy (right claw)
Wands
 q - a wand of digging (1)
 w - a wand of acid (10)
 x - a wand of flame (12)
 y - a wand of paralysis (24)
 D - a wand of mindburst (12)
 I - a wand of iceblast (10)
Scrolls
 d - a scroll of silence
 l - a scroll of amnesia
 m - 6 scrolls of fog
 p - a scroll of blinking
 u - a scroll of fear
 G - 3 scrolls of magic mapping
 M - a scroll of teleportation
Potions
 a - a potion of berserk rage {unknown}
 e - 3 potions of mutation
 g - 2 potions of flight
 i - 2 potions of attraction {unknown}
 k - 2 potions of ambrosia
 s - a potion of might
 t - 7 potions of curing
 z - 3 potions of cancellation {unknown}
 A - a potion of heal wounds {unknown}
 C - 3 potions of lignification
 E - a potion of brilliance {unknown}
 F - 2 potions of resistance {unknown}


   Skills:
 + Level 5.4 Fighting
 + Level 1.5 Maces & Flails
 + Level 8.4 Throwing
 * Level 4.9 Armour
 + Level 6.4 Dodging
 - Level 1.0 Stealth
 - Level 13.1 Unarmed Combat


You had 10 spell levels left.
You didn't know any spells.
Your spell library contained the following spells:

 Spells                   Type           Power      Damage    Failure   Level
 Magic Dart               Conj           0%         1d3       50%         1
 Pain                     Necr           0%         1d4       50%         1
 Shock                    Conj/Air       0%         1d3       50%         1
 Call Imp                 Summ           0%         N/A       65%         2
 Corpse Rot               Necr/Air       N/A        N/A       65%         2
 Poisonous Vapours        Pois/Air       0%         N/A       65%         2
 Dazzling Flash           Conj/Hex       0%         N/A       86%         3
 Inner Flame              Hex/Fire       0%         N/A       86%         3
 Mephitic Cloud           Conj/Pois/Air  0%         N/A       86%         3
 Summon Guardian Golem    Hex/Summ       0%         N/A       86%         3
 Swiftness                Air            0%         N/A       86%         3
 Airstrike                Air            0%         N/A       99%         4
 Cause Fear               Hex            0%         N/A       99%         4
 Iskenderun's Mystic Bla  Conj/Tloc      0%         2d3       99%         4
 Summon Lightning Spire   Summ/Air       0%         N/A       99%         4
 Agony                    Necr           0%         N/A       100%        5
 Excruciating Wounds      Necr           0%         N/A       100%        5
 Freezing Cloud           Conj/Ice/Air   0%         6-21      100%        5
 Lightning Bolt           Conj/Air       0%         1d11      100%        5
 Dispersal                Tloc           0%         N/A       100%        6
 Starburst                Conj/Fire      0%         6d3       100%        6
 Orb of Destruction       Conj           0%         N/A       100%        7
 Spellforged Servitor     Conj/Summ      0%         N/A       100%        7
 Discord                  Hex            0%         N/A       100%        8
 Disjunction              Tloc           0%         N/A       100%        8


Dungeon Overview and Level Annotations

Branches:
Dungeon (11/15)            Temple (1/1) D:6            Lair (1/6) D:11
    Orc (0/2) D:11        Ossuary (visited)

Altars:
Ashenzari
Cheibriados
Dithmenos
Elyvilon
Fedhas
Gozag
Hepliaklqana
Kikubaaqudgha
Makhleb
Nemelex Xobeh
Okawaru
Qazlal
Ru
Sif Muna
Trog
Uskayaw
Vehumet
Wu Jian
Xom
Yredelemnul
Zin
The Shining One

Shops:
D:9 ?

Annotations:
Lair:1 Fannar


Innate Abilities, Weirdness & Mutations

You are too large for most types of armour.
You have claws for hands.
Your natural rate of healing is unusually fast.
You are covered in fur. (AC +1)
You have tough skin. (AC +1)


Message History

A komodo dragon comes into view.
You closely miss Fannar.
Fannar is moderately wounded.
The cane toad completely misses you. Fannar barely misses you.
The cane toad stings you but does no damage.
Fannar hits you but does no damage.
The komodo dragon hisses angrily.
You puncture Fannar!
Fannar is heavily wounded.
The cane toad stings you!
You are poisoned.
The cane toad poisons you!
Fannar hits you with a +0 quarterstaff of freezing.
Fannar freezes you. The cane toad stings you!
Fannar hits you with a +0 quarterstaff of freezing!
Fannar freezes you. The cane toad misses you.
You barely miss Fannar.
Fannar is heavily wounded.
You feel extremely sick. The cane toad stings you!
You are more poisoned.
The cane toad poisons you! Fannar hits you but does no damage.
The cane toad stings you.
You are more poisoned.
The cane toad poisons you!
Fannar mumbles some strange words.
You impale Fannar!!
Fannar is severely wounded.
You feel extremely sick. The cane toad stings you.
* * * LOW HITPOINT WARNING * * *
You are lethally poisoned!
The cane toad poisons you! Fannar barely misses you.
The cane toad closely misses you. The komodo dragon bites you!!
* * * LOW HITPOINT WARNING * * *
You feel better.
Fannar hits you with a +0 quarterstaff of freezing!
* * * LOW HITPOINT WARNING * * *
Fannar freezes you.
You die...

...........#
.................#
.......#..#.###..#
#......#.##.# #..#
#......#.##.# #..# ###
#......#..#.###..###.###
....................##.#
......l....≈≈≈≈≈....##..
......e@F..≈≈#≈≈........
.......Y...≈###≈........
...........≈≈≈≈≈....##.#
....................####
.###.####.###.####### ##
### ###


You could see Fannar, a komodo dragon, a cane toad and an ice beast (summoned).

Vanquished Creatures
  Gastronok (D:9)
  Nergalle (Lair:1)
  A sixfirhy (D:10)
  A cyclops (D:11)
  A cane toad (Lair:1)
  A gargoyle (D:10)
  4 trolls
  2 hornets
  2 wraiths
  16 yaks
  6 wyverns
  Eustachio (D:6)
  The ghost of SkeletonJelly the Slasher, an amateur DrMo of Makhleb (D:4)
  A basilisk (D:11)
  A steam dragon (D:6)
  Menkaure (D:6)
  A warg (D:11)
  Edmund (D:4)
  3 acid dragons
  4 water moccasins
  An ice beast (D:7)
  A black bear (D:11)
  7 orc warriors
  3 ogres
  2 centaurs
  A phantom (D:4)
  4 elf zombies
  7 bullfrogs
  2 kobold brigands (D:9)
  An elf skeleton (D:8)
  2 scorpions
  A water moccasin zombie (D:6)
  2 water moccasin skeletons
  4 killer bees (D:8)
  7 wights
  2 electric eels (Lair:1)
  7 centaur zombies
  6 human zombies (Ossuary)
  2 hounds
  A centaur skeleton (D:5)
  4 orc priests
  2 jellies
  3 human skeletons (D:8)
  3 iguanas
  Natasha (thrice) (D:3)
  9 orc wizards
  A hound skeleton (D:4)
  3 mummies (Ossuary)
  2 howler monkey zombies
  4 gnolls
  6 adders
  3 white imps
  2 ufetubi
  2 adder skeletons
  A worm (D:4)
  3 dart slugs
  34 orcs
  9 bats
  4 endoplasms
  2 giant cockroaches
  7 goblins
  7 hobgoblins
  3 jackals (D:2)
  19 kobolds
  2 quokkas
  10 ball pythons
  6 frilled lizards
  5 orc skeletons (D:8)
  4 rats
276 creatures vanquished.

Vanquished Creatures (others)
  2 fungi (Lair:1)
2 creatures vanquished.

Grand Total: 278 creatures vanquished

Notes
Turn   | Place    | Note
-------+----------+-------------------------------------------
     0 | D:1      | ZARRMARR the Troll Monk began the quest for the Orb.
     0 | D:1      | Reached XP level 1. HP: 22/22 MP: 0/0
    41 | D:1      | Reached XP level 2. HP: 29/29 MP: 1/1
   558 | D:1      | Found a faded altar of an unknown god.
   624 | D:1      | Reached XP level 3. HP: 36/36 MP: 2/2
  1681 | D:3      | Reached XP level 4. HP: 44/44 MP: 3/3
  1780 | D:3      | Reached skill level 1 in Throwing
  1780 | D:3      | Reached skill level 4 in Unarmed Combat
  1820 | D:3      | Noticed Natasha
  1829 | D:3      | Killed Natasha
  1905 | D:3      | Noticed Natasha
  1911 | D:3      | Killed Natasha
  1912 | D:3      | Reached XP level 5. HP: 47/53 MP: 4/4
  2106 | D:3      | Noticed Natasha
  2113 | D:3      | Killed Natasha
  2695 | D:4      | Reached skill level 5 in Unarmed Combat
  2695 | D:4      | Reached XP level 6. HP: 61/61 MP: 5/5
  3107 | D:4      | Reached XP level 7. HP: 67/67 MP: 6/6
  3259 | D:4      | Found a transporter.
  3261 | D:4      | Noticed SkeletonJelly's ghost (amateur DrMo)
  3261 | D:4      | Identified the +6 great mace of Baacrempiph {vorpal, rPois
                  | rC- Int+6}
  3266 | D:4      | Found a transporter.
  3362 | D:4      | Noticed Edmund
  3383 | D:4      | Killed Edmund
  3384 | D:4      | Reached skill level 6 in Unarmed Combat
  3602 | D:5      | Entered Level 5 of the Dungeon
  3862 | D:5      | Reached skill level 7 in Unarmed Combat
  3906 | D:5      | Reached XP level 8. HP: 31/75 MP: 7/7
  3979 | D:5      | Found a blossoming altar of Fedhas.
  4496 | D:4      | Found a transporter.
  4515 | D:4      | Found a transporter.
  5025 | D:6      | Found a staircase to the Ecumenical Temple.
  5063 | Temple   | Entered the Ecumenical Temple
  5237 | D:6      | Reached skill level 8 in Unarmed Combat
  5430 | D:6      | Noticed Eustachio
  5440 | D:6      | Killed Eustachio
  5491 | D:6      | Reached skill level 5 in Throwing
  5513 | D:6      | Reached XP level 9. HP: 13/84 MP: 8/8
  5687 | D:6      | Noticed Menkaure
  5694 | D:6      | Killed Menkaure
  5695 | D:6      | Reached skill level 9 in Unarmed Combat
  5833 | D:4      | Killed SkeletonJelly's ghost
  6173 | D:7      | Identified the +6 scimitar "Ylul" {vamp, rElec rN+ Int+4
                  | SInv}
  6444 | D:8      | Reached skill level 1 in Armour
  6490 | D:8      | Found a shadowy altar of Dithmenos.
  6503 | D:8      | Reached skill level 10 in Unarmed Combat
  6555 | D:8      | Found a sand-covered staircase.
  6560 | Ossuary  | Entered an ossuary
  6673 | Ossuary  | Reached skill level 5 in Dodging
  6716 | Ossuary  | Reached XP level 10. HP: 91/94 MP: 9/9
  7288 | D:8      | Reached skill level 11 in Unarmed Combat
  7593 | D:9      | Found Beceom's Magic Scroll Emporium.
  7601 | D:9      | Bought a scroll of enchant armour for 105 gold pieces
  7706 | D:9      | Found a burning altar of Makhleb.
  7706 | D:9      | Found an ornate altar of the Wu Jian Council.
  7746 | D:9      | Noticed Gastronok
  7769 | D:9      | Killed Gastronok
  7770 | D:9      | Reached skill level 12 in Unarmed Combat
  7838 | D:9      | Reached XP level 11. HP: 100/100 MP: 10/10
  8001 | D:9      | Paralysed by a hornet for 3 turns
  8128 | D:9      | Found a sacrificial altar of Ru.
  8478 | D:10     | Entered Level 10 of the Dungeon
  8718 | D:9      | Reached skill level 5 in Fighting
  8839 | D:10     | Noticed a sixfirhy
  8842 | D:10     | Found a runed translucent door.
  8937 | D:10     | Found a sparkling altar of Nemelex Xobeh.
  8975 | D:10     | Found a basalt altar of Yredelemnul.
  9198 | D:10     | Killed a sixfirhy
  9305 | D:11     | Found a staircase to the Orcish Mines.
  9504 | D:11     | Identified the +0 chain mail of the Other Side {rElec}
  9579 | D:11     | Reached skill level 13 in Unarmed Combat
  9591 | D:11     | Found a staircase to the Lair.
 10234 | Lair:1   | Entered Level 1 of the Lair of Beasts
 10505 | Lair:1   | Noticed Nergalle
 10514 | Lair:1   | Killed Nergalle
 10515 | Lair:1   | Reached skill level 1 in Maces & Flails
 10735 | Lair:1   | Noticed Fannar
 10744 | Lair:1   | HP: 4/104 [komodo dragon (26)]
 10745 | Lair:1   | Slain by Fannar

Illustrated notes

Levels and vault maps discovered:
D:1:      matt_arrival_los_fun, layout_basic,
          ebering_ecumenical_altar_abandoned, serial_glass, glass_columns_a,
          glass_columns_a
D:2:      layout_basic
D:3:      layout_basic, uniq_natasha
D:4:      layout_loops_ring, gammafunk_ghost_smash, minmay_circle_x, uniq_edmund
D:5:      minmay_inner_zag, layout_rooms, fedhas_altar_4,
          kennysheep_generic_room_10
D:6:      layout_rooms, minmay_temple_entry_stoned_glass, eino_tiny_chamber,
          uniq_menkaure, uniq_eustachio
D:7:      layout_cave_pools
D:8:      layout_gridville, mainiacjoe_overflow_brackets,
          nicolae_ossuary_entry_catacombs
D:9:      layout_irregular_city, nicolae_ru_path_of_blood, jmf_multi_god_temple,
          serial_shops, nicolae_shop_trees, uniq_gastronok
D:10:     cheibrodos_shockbox, layout_rooms, nemelex_diamond_rough_becter,
          mainiacjoe_overflow_surrounded_room
D:11:     layout_irregular_city, david_lair_generic, david_orc_3,
          minmay_statues_item, minmay_misc_feat_alley
Temple:   regret_index_temple_waves
Lair:1:   layout_gridlike, serial_bayou_pond_d, uniq_nergalle, uniq_fannar

Skill      XL: |  1  2  3  4  5  6  7  8  9 10 11 |
---------------+----------------------------------+-----
Throwing       | 1 2 3 5 6 7 8 |  8.4
Unarmed Combat | 4 5 7 8 10 12 13 | 13.1
Dodging        | 3 4 5 6 |  6.4
Fighting       | 3 4 5 |  5.4
Armour         | 1 3 4 |  4.9
Maces & Flails | 1 |  1.5
Stealth        | |  1.0

Action                   |  1- 3 |  4- 6 |  7- 9 | 10-12 || total
-------------------------+-------+-------+-------+-------++-------
Melee: Unarmed           |    74 |   130 |   285 |   329 ||   818
       Punch             |       |     6 |    13 |    20 ||    39
       Great mace        |       |       |       |    30 ||    30
       Giant spiked club |       |       |       |     5 ||     5
Throw: Stone             |    88 |    56 |    80 |       ||   224
       Dart              |       |     4 |    14 |    95 ||   113
       Boomerang         |       |       |    28 |    17 ||    45
       Large rock        |       |       |       |     4 ||     4
  Use: Scroll            |     3 |     2 |    14 |     6 ||    25
       Potion            |       |       |     2 |     1 ||     3
 Stab: Distracted        |       |     1 |       |       ||     1
       Sleeping          |       |       |     4 |     4 ||     8
Armor: Robe              |    24 |    29 |    24 |       ||    77
       Acid dragon scale |       |       |    39 |    65 ||   104
       Troll leather arm |       |       |       |   110 ||   110
Dodge: Dodged            |    35 |    50 |    86 |   196 ||   367
